 Dungeon Crawl Stone Soup version 0.22.1-2-g9c5b331383 (webtiles) character file.

239 Knicklaso the Stinger (level 6, 0/52 HPs)
             Began as a Naga Venom Mage on Nov 25, 2018.
             Killed from afar by an orc wizard (5 damage)
             ... with a magic dart
             ... on level 4 of the Dungeon.
             The game lasted 00:11:10 (4265 turns).

Knicklaso the Stinger (Naga Venom Mage)             Turns: 4265, Time: 00:11:11

Health: 0/52       AC:  5    Str: 12    XL:     6   Next: 7%
Magic:  3/9        EV: 10    Int: 16    God:
Gold:   188        SH:  0    Dex: 11    Spells: 4/10 levels left

rFire    . . .     SeeInvis +   e - +0 dagger
rCold    . . .     Gourm    .   (no shield)
rNeg     . . .     Faith    .   a - +0 robe
rPois    +         Spirit   .   (no helmet)
rElec    .         Reflect  .   p - +0 cloak
rCorr    .         Harm     .   q - +0 pair of gloves
MR       .....                  (no barding)
Stlth    ++........             (no amulet)
HPRegen  0.17/turn              (no ring)
MPRegen  0.11/turn              (no ring)

@: very slightly contaminated, very slow
A: large, see invisible, deformed body, poison resistance, slowness 2, slow
metabolism 1, spit poison 1, AC +2
a: Spit Poison


You were on level 4 of the Dungeon.
You were not hungry.

You visited 1 branch of the dungeon, and saw 4 of its levels.

You collected 188 gold pieces.

Inventory:

Hand Weapons
 e - a +0 dagger (weapon)
 m - a cursed +0 spear
Armour
 a - a +0 robe (worn)
 i - +0 pearl dragon scales
 p - a +0 cloak (worn)
 q - a +0 pair of gloves (worn)
Jewellery
 g - an uncursed ring of stealth {unknown}
 r - a cursed amulet of inaccuracy {unknown}
Scrolls
 b - 7 scrolls of identify {unknown}
 d - a scroll of fog {unknown}
 f - a scroll of enchant armour {unknown}
 h - 3 scrolls of teleportation {unknown}
 j - a scroll of random uselessness {unknown}
 l - a scroll of amnesia {unknown}
 n - 2 scrolls of blinking {unknown}
Potions
 k - a potion of might {unknown}
 o - a potion of curing
 s - a potion of heal wounds {unknown}
Comestibles
 c - 5 rations


   Skills:
 + Level 1.7 Fighting
 + Level 1.2 Armour
 + Level 2.2 Dodging
 - Level 3.0 Stealth
 + Level 2.6 Spellcasting
 + Level 2.7 Conjurations
 + Level 0.9 Air Magic
 * Level 5.6 Poison Magic


You had 4 spell levels left.
You knew the following spells:

 Your Spells              Type           Power        Failure   Level  Hunger
a - Sting                 Conj/Pois      ###.         3%          1    #......
b - Poisonous Vapours     Pois/Air       ##....       8%          2    ##.....
c - Mephitic Cloud        Conj/Pois/Air  ##......     17%         3    ###....

Your spell library contained the following spells:

 Spells                   Type           Power        Failure   Level  Hunger
 Olgreb's Toxic Radiance  Pois           ###.....     19%         4    #####..
 Venom Bolt               Conj/Pois      ###.......   69%         5    ######.


Dungeon Overview and Level Annotations

Branches:
Dungeon (4/15)
 Temple: D:4-7

Altars:
Yredelemnul


Innate Abilities, Weirdness & Mutations

You cannot wear boots.
Your serpentine skin is tough. (AC +2)
You have supernaturally acute eyesight. (SInv)
Armour fits poorly on your strangely shaped body.
Your system is resistant to poisons. (rPois)
You cover ground very slowly.
You have a slow metabolism.
You can spit poison.


Message History

Beogh smites you! The orc wizard hits you with a dagger.
The orc wizard casts a spell at you. The magic dart hits you!
* * * LOW HITPOINT WARNING * * *
The orc wizard gestures at you while chanting.
The puff of flame hits you!
* * * LOW HITPOINT WARNING * * *
The orc wizard mumbles some strange words.
The orc wizard blinks!
It was a potion of curing.
You feel better. The orc wizard hits you with a dagger.
* * * LOW HITPOINT WARNING * * *
The orc wizard hits you but does no damage.
The orc wizard hits you but does no damage.
The orc wizard hits you with a dagger.
* * * LOW HITPOINT WARNING * * *
The orc wizard barely misses you. The orc wizard casts a spell at you.
The magic dart hits you!
You die...

#..## #### #...#+### ...
#######......##$##o#
#......#.##..#.ยง.'.#######
#.###........## ##.......#
#.###..#.##...###.....##.#
#<#......##o#..o..#.#.##.#
####.#.#..####o#######.#..#.#
#...........@.o# #.##.#.#
#.####..###........###.#....#
#.##....# #.................#
#.##.##.# #........#####...##
#.##.##.# #...#.....# ##....
#.......# #........## ###.###
#.##....# #.......## #...# #
#.#.....# #.......# #.###
#.##....# #.#


You could see 2 orc wizards.

Vanquished Creatures
  A bullfrog (D:4)
  A centaur skeleton (D:4)
  Jessica (D:2)
  3 adders
  An ooze (D:4)
  2 adder skeletons
  4 worms
  4 dart slugs
  A leopard gecko (D:1)
  5 orcs (D:3)
  8 giant cockroaches
  3 goblins
  3 hobgoblins (D:1)
  6 kobolds
  2 quokkas
  A ball python (D:2)
  4 bats
  6 frilled lizards
  6 rats
62 creatures vanquished.

Notes
Turn   | Place    | Note
-------+----------+-------------------------------------------
     0 | D:1      | Knicklaso the Naga Venom Mage began the quest for the Orb.
     0 | D:1      | Reached XP level 1. HP: 15/15 MP: 3/3
   334 | D:1      | Reached XP level 2. HP: 16/24 MP: 1/5
  1381 | D:2      | Reached XP level 3. HP: 30/30 MP: 4/6
  1640 | D:2      | Found a basalt altar of Yredelemnul.
  1919 | D:2      | Reached skill level 1 in Fighting
  2274 | D:2      | Reached XP level 4. HP: 38/38 MP: 3/7
  2523 | D:2      | Noticed Jessica
  2528 | D:2      | Killed Jessica
  2609 | D:3      | Learned a level 2 spell: Poisonous Vapours
  2613 | D:3      | Learned a level 3 spell: Mephitic Cloud
  2648 | D:3      | Reached skill level 5 in Poison Magic
  2874 | D:3      | Reached XP level 5. HP: 44/44 MP: 1/8
  3613 | D:4      | Reached skill level 1 in Armour
  4042 | D:4      | Reached XP level 6. HP: 17/52 MP: 9/9
  4265 | D:4      | Killed from afar by an orc wizard

Skill      XL: |  1  2  3  4  5 |
---------------+----------------+-----
Conjurations   | 2 |  2.7
Fighting       | 1 |  1.7
Dodging        | 2 |  2.2
Poison Magic   | 5 |  5.6
Armour         | 1 |  1.2
Stealth        | |  3.0
Spellcasting   | |  2.6
Air Magic      | |  0.9

Action                   |  1- 3 |  4- 6 || total
-------------------------+-------+-------++-------
Melee: Dagger            |    73 |    54 ||   127
       Unarmed           |     1 |       ||     1
 Cast: Sting             |    76 |    14 ||    90
       Poisonous Vapours |       |    27 ||    27
  Use: Potion            |       |     1 ||     1
  Eat: Chunk             |     4 |     4 ||     8
       Ration            |       |     1 ||     1
Armor: Pearl dragon scal |     2 |       ||     2
       Robe              |    10 |    16 ||    26
Dodge: Dodged            |    26 |    48 ||    74
